 Dungeon Crawl Stone Soup version 0.18.1-48-g4cf74bf (webtiles) character file.

6260 urioxis the Basher (level 10, -8/139 HPs)
             Began as a Minotaur Berserker on July 16, 2016.
             Was a High Priest of Trog.
             Mangled by a swamp worm (11 damage)
             ... on level 10 of the Dungeon.
             The game lasted 00:47:17 (7266 turns).

urioxis the Basher (Minotaur Berserker)             Turns: 7266, Time: 00:47:17

Health: -8/139     AC: 22    Str: 30    XL:     10   Next: 62%
Magic:  18/18      EV: 14    Int:  4    God:    Trog [*****.]
Gold:   262        SH:  0    Dex: 14    Spells: 0 memorised, 9 levels left

rFire  + . .     SeeInvis .     H - +2 morningstar (holy)
rCold  + + .     Gourm    .     Q - +3 plate armour
rNeg   . . .     Faith    .     (no shield)
rPois  .         Spirit   .     (helmet restricted)
rElec  .         Dismiss  .     F - +1 cloak
rCorr  .         Reflect  .     o - +0 pair of gloves
SustAt .         Harm     .     N - +0 pair of boots
MR     .....                    p - amulet of regeneration
Stlth  ..........               q - +2 ring of evasion
                                L - ring "Xino" {rF+ rC++ MP+9 Dex+4}

@: berserking (expiring), very quick, not resistant to hostile enchantments,
extremely unstealthy
A: retaliatory headbutt, horns 2
a: Berserk, Trog's Hand, Brothers in Arms, Burn Spellbooks, Renounce Religion


You were on level 10 of the Dungeon.
You worshipped Trog.
Trog was extremely pleased with you.
You were not hungry.

You visited 2 branches of the dungeon, and saw 11 of its levels.

You collected 463 gold pieces.
You spent 201 gold pieces at shops.

Inventory:

Hand Weapons
 y - a +1 flail of draining
 H - a +2 morningstar of holy wrath (weapon)
Missiles
 m - 47 bolts
Armour
 o - a +0 pair of gloves (worn)
 F - a +1 cloak (worn)
 N - a +0 pair of boots (worn)
 Q - a +3 plate armour (worn)
Jewellery
 h - an uncursed ring of magical power
 p - an amulet of regeneration (around neck)
 q - a +2 ring of evasion (right hand)
 L - the ring "Xino" (left hand) {rF+ rC++ MP+9 Dex+4}
   (You found it on level 9 of the Dungeon)

   [ring of magical power]

   It affects your dexterity (+4).
   It protects you from fire.
   It greatly protects you from cold.
   It affects your magic capacity (+9).
Wands
 b - a wand of disintegration (9/24)
Scrolls
 e - a scroll of enchant armour {unknown}
 f - 8 scrolls of remove curse
 g - a scroll of fear {unknown}
 j - 3 scrolls of identify
 s - 2 scrolls of blinking {unknown}
 u - a scroll of random uselessness {unknown}
 x - 2 scrolls of teleportation {unknown}
 z - a scroll of enchant weapon {unknown}
 A - 2 scrolls of fog {unknown}
 I - a scroll of magic mapping {unknown}
 J - 3 scrolls of noise {unknown}
 O - a scroll of amnesia {unknown}
Potions
 a - 5 potions of curing
 d - 2 potions of brilliance
 i - 4 potions of flight
 k - a potion of invisibility
 n - 3 potions of heal wounds
 r - 2 potions of cure mutation
 t - a potion of might
 v - a potion of mutation
 w - 2 potions of ambrosia
 B - a potion of cancellation
 D - a potion of agility
Miscellaneous
 P - a phantom mirror
Comestibles
 c - 7 bread rations
 l - 4 meat rations
 C - 9 chunks of flesh
 M - 4 fruits


   Skills:
 + Level 9.9 Fighting
 * Level 12.2 Maces & Flails
 + Level 8.9 Armour
 + Level 8.3 Dodging


You had 9 spell levels left.
You didn't know any spells.

Dungeon Overview and Level Annotations

Branches:
Dungeon (10/15)            Temple (1/1) D:7
   Lair: D:8-11         Orc: D:9-12

Altars:
Ashenzari
Cheibriados
Dithmenos
Elyvilon
Fedhas
Gozag
Kikubaaqudgha
Makhleb
Nemelex Xobeh
Okawaru
Pakellas
Qazlal
Ru
Sif Muna
Trog
Vehumet
Xom
Yredelemnul
Zin
The Shining One

Shops:
D:4 }   D:5 ?=*!   D:6 (   D:7 :   D:8 (


Innate Abilities, Weirdness & Mutations

You reflexively headbutt those who attack you in melee.
You have a pair of horns on your head.


Message History

Trog accepts your kill.
You closely miss the swamp worm. The swamp worm bites you!
* * * LOW HITPOINT WARNING * * *
Your unstable footing causes you to fumble your attack.
The swamp worm bites you but does no damage.
The swamp worm misses you.
Your unstable footing causes you to fumble your attack.
Your unstable footing causes you to fumble your attack.
The swamp worm bites you but does no damage. x2
Your unstable footing causes you to fumble your attack.
The swamp worm closely misses you.
The swamp worm bites you but does no damage.
You barely miss the swamp worm. Your headbutt misses the swamp worm.
You closely miss the swamp worm. The swamp worm bites you.
* * * LOW HITPOINT WARNING * * *
The swamp worm closely misses you. You furiously retaliate!
You headbutt the swamp worm.
Your unstable footing causes you to fumble your attack.
The swamp worm closely misses you. The swamp worm bites you!
You die...

............
....÷......#...$ .#
##.........#.... .#
##...#.....# ...###.#
#........≈≈≈ ≈≈....#
#.#####≈≈≈≈≈ ≈≈≈..#
#.# ≈≈#######≈≈≈.#
#.# ##≈≈≈≈≈#Pw≈.# #.#
#?≈≈≈≈≈w@≈≈.# #.#
≈##≈≈≈≈≈#P≈≈.#
#.####≈≈≈#######≈≈≈.#
#......≈≈≈≈≈≈≈≈≈≈≈..#
'......##≈≈≈≈≈≈≈....#
#......######.......#
#......######..#....#
...........††..#....#
....##......#..#.##.#


You could see 2 swamp worms.

Vanquished Creatures
  Psyche (D:9)
  A centaur skeleton (D:7)
  The ghost of Siriah the Ducker, an amateur DsGl of Pakellas (D:6)
  A spriggan (D:9)
  A wraith (D:8)
  5 yaks (D:10)
  Menkaure (D:4)
  A hungry ghost (D:7)
  2 swamp worms (D:10)
  3 orc warriors
  2 sky beasts
  An ice beast (D:7)
  3 phantoms
  5 centaurs
  5 ogres
  2 giant frogs
  5 scorpions
  10 killer bees
  2 howler monkeys
  3 crimson imps (D:6)
  A centaur zombie (D:10)
  A giant frog zombie (D:6)
  7 hounds
  A quasit (D:10)
  3 jellies
  3 orc wizards
  A gnoll shaman (D:6)
  4 orc priests
  3 giant frog skeletons
  3 iguanas
  4 worker ants
  A killer bee zombie (D:7)
  2 hound skeletons
  2 worker ant zombies
  A howler monkey zombie (D:6)
  13 adders
  7 gnolls
  A shadow imp (D:7)
  An ooze (D:2)
  An adder zombie (D:6)
  2 adder skeletons
  16 worms
  11 dart slugs
  7 giant geckos
  21 orcs
  9 bats
  3 giant cockroaches
  5 goblins
  6 hobgoblins
  14 jackals
  7 kobolds
  5 quokkas
  A ball python (D:2)
  4 giant newts
  12 rats
  2 plants
240 creatures vanquished.

Vanquished Creatures (others)
  A plant (D:10)
1 creature vanquished.

Grand Total: 241 creatures vanquished

Notes
Turn   | Place    | Note
--------------------------------------------------------------
     0 | D:1      | urioxis the Minotaur Berserker began the quest for the Orb.
     0 | D:1      | Reached XP level 1. HP: 19/19 MP: 0/0
   100 | D:1      | Reached XP level 2. HP: 20/27 MP: 1/1
   132 | D:1      | Reached skill level 4 in Maces & Flails
   323 | D:1      | Reached ** piety under Trog
   343 | D:1      | You fall through a shaft!
   346 | D:2      | Reached XP level 3. HP: 33/33 MP: 2/2
   561 | D:2      | Found a bloodstained altar of Trog.
   927 | D:2      | Found an opulent altar of Gozag.
   960 | D:2      | Reached XP level 4. HP: 24/41 MP: 3/3
  1031 | D:2      | Found a shimmering altar of Xom.
  1217 | D:3      | Reached *** piety under Trog
  1414 | D:3      | Reached skill level 5 in Fighting
  1501 | D:3      | Reached skill level 5 in Maces & Flails
  1501 | D:3      | Reached XP level 5. HP: 19/48 MP: 4/4
  2263 | D:4      | Found Umpocupp's Gadget Emporium.
  2334 | D:4      | Reached XP level 6. HP: 50/56 MP: 5/5
  2555 | D:4      | Noticed Menkaure
  2560 | D:4      | Killed Menkaure
  2560 | D:4      | Reached **** piety under Trog
  2560 | D:4      | Reached skill level 6 in Maces & Flails
  2620 | D:4      | Noticed a water elemental
  2622 | D:4      | Found a stormy altar of Qazlal.
  2623 | D:4      | Noticed an air elemental
  2623 | D:4      | Noticed a fire elemental
  2865 | D:5      | Entered Level 5 of the Dungeon
  2896 | D:5      | Found Tudiogij's Jewellery Boutique.
  2923 | D:5      | Found Meotarosi's General Store.
  2947 | D:5      | Reached XP level 7. HP: 60/63 MP: 6/6
  2949 | D:5      | Bought a scroll of identify for 28 gold pieces
  2983 | D:5      | Found Naidwuew's Distillery.
  2986 | D:5      | Bought a potion of curing for 39 gold pieces
  2986 | D:5      | Bought 2 potions of degeneration for 26 gold pieces
  3092 | D:5      | Found Nesaokag's Magic Scroll Shoppe.
  3310 | D:5      | Found an iron altar of Okawaru.
  3381 | D:5      | Found a radiant altar of Vehumet.
  3751 | D:6      | Reached skill level 7 in Maces & Flails
  3814 | D:6      | Noticed Siriah's ghost (amateur DsGl)
  3819 | D:6      | Reached skill level 5 in Armour
  3819 | D:6      | Reached skill level 5 in Dodging
  3819 | D:6      | Reached XP level 8. HP: 64/71 MP: 7/7
  3824 | D:6      | Killed Siriah's ghost
  3824 | D:6      | Reached skill level 8 in Maces & Flails
  3839 | D:6      | Found an oddly glowing altar of Pakellas.
  4121 | D:6      | Reached skill level 9 in Maces & Flails
  4164 | D:6      | Found Umicar's Antique Weapon Shoppe.
  4170 | D:6      | Bought a runed morningstar for 108 gold pieces
  4301 | D:6      | Found a deep blue altar of Sif Muna.
  4510 | D:7      | Found a staircase to the Ecumenical Temple.
  4513 | D:7      | Reached XP level 9. HP: 81/81 MP: 8/8
  4528 | Temple   | Entered the Ecumenical Temple
  5062 | D:7      | Reached skill level 10 in Maces & Flails
  5102 | D:7      | Found a snail-covered altar of Cheibriados.
  5150 | D:7      | Reached ***** piety under Trog
  5207 | D:7      | Found Doihe's Book Shop.
  5441 | D:8      | Found Hirutub's Weapon Emporium.
  5606 | D:8      | Found a glowing golden altar of the Shining One.
  5606 | D:8      | Found a shattered altar of Ashenzari.
  5886 | D:9      | Reached skill level 11 in Maces & Flails
  5903 | D:9      | Found an iron altar of Okawaru.
  6031 | D:9      | Noticed Psyche
  6046 | D:9      | Killed Psyche
  6046 | D:9      | Reached XP level 10. HP: 85/91 MP: 6/9
  6341 | D:9      | Received a gift from Trog
  6386 | D:9      | Got a translucent turquoise ring
  6388 | D:9      | Identified the ring "Xino" {rF+ rC++ MP+9 Dex+4} (You found it on level 9 of the Dungeon)
  6495 | D:10     | Entered Level 10 of the Dungeon
  6922 | D:10     | Reached skill level 12 in Maces & Flails
  7253 | D:10     | HP: 2/93 [swamp worm (5)]
  7259 | D:10     | HP: 6/139 [swamp worm (12)]
  7265 | D:10     | HP: 3/139 [swamp worm (5)]
  7266 | D:10     | Mangled by a swamp worm

Skill      XL: |  1  2  3  4  5  6  7  8  9 10 |
---------------+-------------------------------+-----
Maces & Flails | 4 5 6 7 9 11 12 | 12.2
Fighting       | 4 5 6 7 9 |  9.9
Armour         | 3 4 5 6 8 |  8.9
Dodging        | 3 4 5 6 7 8 |  8.3

Action                   |  1- 3 |  4- 6 |  7- 9 | 10-12 || total
-------------------------+-------+-------+-------+-------++-------
Melee: Mace              |    98 |    66 |       |       ||   164
       Headbutt          |    12 |    27 |    53 |    32 ||   124
       Flail             |       |    85 |    92 |       ||   177
       Morningstar       |       |       |   184 |   180 ||   364
Invok: Berserk           |       |       |     3 |     2 ||     5
  Use: Scroll            |       |       |     1 |    11 ||    12
       Potion            |       |       |       |     1 ||     1
  Eat: Chunk             |       |     7 |     9 |     5 ||    21
       Bread ration      |       |       |     3 |       ||     3
Armor: Animal skin       |    15 |    13 |       |       ||    28
       Scale mail        |       |    29 |    36 |       ||    65
       Chain mail        |       |       |   107 |    41 ||   148
       Plate armour      |       |       |       |    25 ||    25
Dodge: Dodged            |    61 |   111 |   160 |    93 ||   425
